 Dungeon Crawl Stone Soup version 0.29.1-2-gbd0b4ee654 (webtiles) character file.

Game seed: 5546620963070490042

34 tevo3000 the Ducker (level 3, 0/17 HPs)
             Began as a Felid Monk on Nov 28, 2022.
             Constricted to death by a ball python (1 damage)
             ... on level 2 of the Dungeon.
             The game lasted 00:02:38 (875 turns).

tevo3000 the Ducker (Felid Monk)                     Turns: 875, Time: 00:02:40

Health: 0/17       AC:  1    Str:  4 (7)  XL:     3   Next: 14%
Magic:  4/4        EV: 16    Int: 10 (11) God:
Gold:   55         SH:  0    Dex: 18 (20) Spells: 2/2 levels left
                                        Lives:  0   Deaths: 0

rFire   . . .      SeeInvis +     - Unarmed
rCold   . . .      Faith    .   (shield unavailable)
rNeg    . . .      Spirit   .   (body armour unavailable)
rPois   .          Reflect  .   (helmet unavailable)
rElec   .          Harm     .   (cloak unavailable)
rCorr   .          Rampage  .   (gloves unavailable)
Will    .....                   (boots unavailable)
Stlth   +++.......              (no amulet)
HPRegen 0.05/turn               (no ring)
MPRegen 0.09/turn               (no ring)

@: constricted, quick
A: very small, claws 1, fangs 3, see invisible, speed 1, shaggy fur 1, stealthy
paws, no weapons or thrown items, no armour, multi-lived
a: no special abilities


You were on level 2 of the Dungeon.
You visited 1 branch of the dungeon, and saw 2 of its levels.

You collected 55 gold pieces.

Inventory:

Scrolls
 e - a scroll of magic mapping {unknown}
Potions
 a - a potion of degeneration
 b - a potion of might {unknown}
 c - a potion of berserk rage {unknown}
 d - 2 potions of resistance {unknown}


   Skills:
 - Level 3.0 Fighting
 * Level 4.7 Dodging
 + Level 3.3 Stealth
 * Level 3.5 Unarmed Combat


You had 2 spell levels left.
You didn't know any spells.
Your spell library was empty.

Dungeon Overview and Level Annotations

Branches:
Dungeon (2/15)

Altars:


Innate Abilities, Weirdness & Mutations

You have sharp claws.
You have razor-sharp teeth.
You have supernaturally acute eyesight. (SInv)
You cover ground quickly. (Speed+)
You are covered in fur. (AC +1)
Your paws help you pounce on unaware monsters.
You are incapable of wielding weapons or throwing items.
You cannot wear armour.
You gain extra lives every three experience levels.


Message History

The hobgoblin is lightly wounded.
The hobgoblin closely misses you.
You scratch the hobgoblin.
You kill the hobgoblin!
A goblin comes into view. It is wielding a +0 club.
An endoplasm comes into view.
The goblin shouts!
You scratch the goblin.
The goblin is heavily wounded.
The goblin barely misses you.
You barely miss the goblin. You claw the goblin.
You kill the goblin!
The endoplasm freezes you.
You are frozen.
You scratch the endoplasm but do no damage.
The endoplasm closely misses you.
You scratch the endoplasm but do no damage.
A ball python comes into view.
The endoplasm freezes you.
You are frozen.
* * * LOW HITPOINT WARNING * * *
You scratch the endoplasm. You bite the endoplasm.
The endoplasm is almost dead.
The endoplasm barely misses you. The endoplasm freezes you.
You are frozen.
* * * LOW HITPOINT WARNING * * *
There is a stone staircase leading up here.
The ball python bites you.
* * * LOW HITPOINT WARNING * * *
The ball python grabs you.
You stop ascending the stairs.
The ball python constricts you.
Okay, then.
It was a potion of degeneration.
There was something very wrong with that liquid.
You feel weakened.
You feel dopey.
You feel clumsy. The ball python completely misses you.
The ball python constricts you.
* * * LOW HITPOINT WARNING * * *
The ball python closely misses you. The ball python constricts you.
You die...

# #.## ###
#.#. #<# .
#... #.#
##.##..####.#
.......#.JS@#
#.....)...#.#
####........#
##..######
#.. ###


You could see an endoplasm and a ball python.

Vanquished Creatures
  A bat (D:1)
  An endoplasm (D:1)
  2 giant cockroaches (D:1)
  3 goblins
  3 hobgoblins
  8 jackals (D:1)
  5 ball pythons (D:1)
  3 frilled lizards (D:1)
  3 rats (D:1)
29 creatures vanquished.

Notes
Turn   | Place    | Note
-------+----------+-------------------------------------------
     0 | D:1      | tevo3000 the Felid Monk began the quest for the Orb.
     0 | D:1      | Reached XP level 1. HP: 10/10 MP: 2/2
   133 | D:1      | Reached XP level 2. HP: 13/14 MP: 3/3
   705 | D:1      | Reached XP level 3. HP: 16/17 MP: 4/4
   737 | D:1      | Found a faded altar of an unknown god.
   875 | D:2      | Constricted to death by a ball python

Illustrated notes

Levels and vault maps discovered:
D:1:      tarquinn_simple_flora_water_c, layout_rooms,
          nicolae_ecumenical_lake_church
D:2:      layout_basic, basic_altar, uniq_robin

Skill      XL: |  1 |
---------------+----+-----
Stealth        | 3 |  3.3
Fighting       | |  3.0
Dodging        | |  4.7
Unarmed Combat | |  3.5

Action                   || total
-------------------------++-------
Melee: Unarmed           ||    72
       Bite              ||     6
       Punch             ||     2
  Use: Potion            ||     2
 Stab: Sleeping          ||     4
Armor: Skin              ||     4
Dodge: Dodged            ||    81
